 Dungeon Crawl Stone Soup version 0.23-a0-831-g5da158a (webtiles) character file.

361 tidbits the Grasshopper (level 6, 27/44 HPs)
             Began as a Gnoll Wanderer on Jan 23, 2019.
             Quit the game on level 8 of the Dungeon.
             The game lasted 00:18:39 (1716 turns).

tidbits the Grasshopper (Gnoll Wanderer)            Turns: 1716, Time: 00:18:39

Health: 27/44      AC:  3    Str: 12    XL:     6   Next: 66%
Magic:  11/11      EV: 27    Int: 20    God:
Gold:   206        SH:  0    Dex: 13    Spells: 6/11 levels left

rFire    . . .     SeeInvis .   D - staff of wizardry (curse) {!a}
rCold    . . .     Gourm    .   (no shield)
rNeg     . . .     Faith    .   B - +0 robe
rPois    .         Spirit   .   (no helmet)
rElec    .         Reflect  .   C - +0 cloak
rCorr    .         Harm     .   (no gloves)
MR       .....                  (no boots)
Stlth    +++.......             r - amulet of the acrobat
HPRegen  0.14/turn              o - ring of stealth
MPRegen  0.12/turn              (no ring)

@: acrobat
A: distributed training, fangs 1, strong nose
a: no special abilities


You were on level 8 of the Dungeon.
You were very full.

You visited 1 branch of the dungeon, and saw 7 of its levels.

You collected 206 gold pieces.

Inventory:

Hand Weapons
 a - a +2 dagger of freezing
   (You found it on level 1 of the Dungeon)
 b - a +0 dagger
 c - a +0 hunting sling
 h - a +0 flail
 j - a +0 trident
 A - a +0 trident
Missiles
 m - 33 bolts
 n - 26 arrows
 s - 12 sling bullets
 w - 6 tomahawks (quivered)
 y - 21 stones
Armour
 p - a cursed +0 ring mail
 z - a +0 leather armour
 B - a +0 robe (worn)
 C - a +0 cloak (worn)
Magical Staves
 D - a cursed staff of wizardry (weapon) {!a}
   (You found it on level 4 of the Dungeon)
 G - an uncursed staff of wizardry {!a}
   (You found it on level 8 of the Dungeon)
Jewellery
 o - a ring of stealth (left hand)
   (You found it on level 2 of the Dungeon)
 r - an amulet of the acrobat (around neck)
   (You found it on level 3 of the Dungeon)
 E - an uncursed amulet of guardian spirit
   (You found it on level 4 of the Dungeon)
Wands
 i - a wand of digging (7)
Scrolls
 g - 2 scrolls of fog
 k - a scroll of fear
 q - a scroll of immolation {!r}
 t - a scroll of teleportation
Potions
 d - a potion of agility {unknown}
 e - 2 potions of brilliance {unknown}
 f - 2 potions of curing
 l - a potion of haste
 u - 2 potions of degeneration {!q}
 v - 2 potions of heal wounds
 F - 3 potions of flight {unknown}
Comestibles
 x - 2 rations


   Skills:
 + Level 2.0 Fighting
 + Level 2.0 Short Blades
 + Level 2.0 Long Blades
 + Level 5.0 Axes
 + Level 2.0 Maces & Flails
 + Level 2.0 Polearms
 + Level 2.0 Staves
 + Level 2.0 Slings
 + Level 2.0 Bows
 + Level 2.0 Crossbows
 + Level 3.3 Throwing
 + Level 3.3 Armour
 + Level 2.0 Dodging
 + Level 3.1 Stealth
 + Level 2.0 Shields
 + Level 2.0 Unarmed Combat
 + Level 3.4 Spellcasting
 + Level 1.6 Conjurations
 + Level 1.6 Hexes
 + Level 1.6 Charms
 + Level 1.6 Summonings
 + Level 1.6 Necromancy
 + Level 7.3 Translocations
 + Level 1.6 Transmutations
 + Level 1.6 Fire Magic
 + Level 1.6 Ice Magic
 + Level 1.6 Air Magic
 + Level 1.6 Earth Magic
 + Level 1.6 Poison Magic
 + Level 2.2 Invocations
 + Level 2.0 Evocations


You had 6 spell levels left.
You knew the following spells:

 Your Spells              Type           Power        Failure   Level  Hunger
a - Shock                 Conj/Air       #...         2%          1    None
b - Blink                 Tloc           N/A          1%          2    ##.....
g - Shroud of Golubria    Chrm/Tloc      ###.......   1%          2    ##.....

Your spell library contained the following spells:

 Spells                   Type           Power        Failure   Level  Hunger
 Gell's Gravitas          Tloc           ####......   1%          3    ###....
 Lesser Beckoning         Tloc           ####......   1%          3    ###....
 Teleport Other           Tloc           ####....     1%          3    ###....
 Passage of Golubria      Tloc           N/A          2%          4    ####...
 Static Discharge         Conj/Air       #.......     9%          3    ###....


Dungeon Overview and Level Annotations

Branches:
Dungeon (9/15)
 Temple: D:4-7         Lair: D:8-11         Orc: D:9-12

Altars:
Elyvilon
Qazlal
Uskayaw
Yredelemnul

Annotations:
D:3 exclusion: adder


Innate Abilities, Weirdness & Mutations

Your experience applies equally to all skills.
You have very sharp teeth.
Your uncanny sense of smell can sniff out nearby items.


Message History

Okay, then.
Unknown command.
Okay, then.
As you read the scroll of teleportation, it crumbles to dust.
You feel strangely unstable. The killer bee stings you!
A hound zombie comes into view.
The killer bee stings you.
You are poisoned.
The killer bee poisons you! The killer bee closely misses you.
An orc comes into view. It is wielding a +0 dagger.
Unknown command.
Unknown command.
You feel sick. The killer bee completely misses you.
The killer bee closely misses you.
Unknown command.
Unknown command.
The killer bee completely misses you. The killer bee barely misses you.
Unknown command.
You feel sick. The killer bee misses you. The killer bee completely misses you.
The killer bee misses you. The bullfrog closely misses you.
The killer bee misses you.
Unknown command.
Your surroundings suddenly seem different.
Found 2 needles of paralysis.
A worker ant comes into view.
Wield which item (- for none, * to show all)? (? for menu, Esc to quit)
Your +2 dagger of freezing glows with a cold blue light!
a - a +2 dagger of freezing (weapon)
You feel sick.
Found a stone staircase leading down.
The helpless worker ant fails to defend itself.
You puncture the worker ant! You freeze the worker ant.
You kill the worker ant!
You feel sick.
Found a stone staircase leading down.
You feel sick.
There is a stone staircase leading down here.
You climb downwards. 2 orcs and 2 orc wizards come into view.
Found a potion of haste.
Found a stone staircase leading up.
There is a stone staircase leading up here.
You feel sick.
You climb upwards.
There is a stone staircase leading down here.
Unknown command.
You feel sick.
You are no longer poisoned.
Found a ration.
There is a stone staircase leading down here.
You climb downwards.
Found 28 stones.
There is a stone staircase leading up here.
Unknown command.
You climb upwards.
There is a stone staircase leading down here.
Unknown command.
Found 20 gold pieces.
Unknown command.
You see here a ration.
Unknown command.
x - 2 rations (gained 1)
Okay, then.
Found 19 gold pieces.
Found 3 pink potions.
You see here 19 gold pieces.
You now have 174 gold pieces (gained 19).
A leopard gecko comes into view.
Found a twisted glowing staff and 12 gold pieces.
You see here 20 gold pieces.
You see here 20 gold pieces.
You now have 194 gold pieces (gained 20).
The leopard gecko hisses angrily.
You miss the leopard gecko.
The leopard gecko bites you but does no damage.
The leopard gecko bites you.
You see here 3 pink potions.
You closely miss the leopard gecko. The leopard gecko barely misses you.
You barely miss the leopard gecko. The leopard gecko barely misses you.
You hit the leopard gecko. You freeze the leopard gecko.
You kill the leopard gecko!
F - 3 pink potions An ogre comes into view.
It is wielding a +0 giant club.
You see here a twisted glowing staff.
Unknown command.
G - a twisted glowing staff You see here 12 gold pieces.
You now have 206 gold pieces (gained 12).
Wield which item (- for none, * to show all)? (? for menu, Esc to quit)
Your +2 dagger of freezing stops glowing.
It sticks to your hand!
D - a cursed staff of wizardry (weapon)
You can't unwield your weapon to draw a new one!
Unknown command.
Unknown command.
Okay, then.
Unknown command.
Unknown command.
Unknown command.
Are you sure you want to abandon this character and quit the game? (Confirm with "yes".)

#.........# . . #.
#......## ..#.
#.##.......#
.....##.........#
#...#..........###
....#....†.....## ##
................##.##
................#...##
##..............@....#
##....##.............#
##..................##
#...............#####
................##
.................#
.................#
..........##.##..#
...........### ..#


There were no monsters in sight!

Vanquished Creatures
  A scorpion (D:4)
  A howler monkey (D:4)
  A hound (D:4)
  3 orc wizards (D:4)
  An iguana (D:4)
  3 worker ants
  An adder (D:2)
  An adder skeleton (D:4)
  3 leopard geckos
  11 orcs
  3 bats (D:1)
  3 giant cockroaches
  2 hobgoblins (D:2)
  A frilled lizard (D:3)
  2 goblins
  7 kobolds
  4 rats
48 creatures vanquished.

Notes
Turn   | Place    | Note
-------+----------+-------------------------------------------
     0 | D:1      | tidbits the Gnoll Wanderer began the quest for the Orb.
     0 | D:1      | tidbits set off with the following items: a potion of
                  | curing, a +0 robe, a +0 club, a ration; and the following
                  | spell memorised: Shock; and the following spells available
                  | to memorise: Blink, Gell's Gravitas, Lesser Beckoning,
                  | Teleport Other, Shroud of Golubria, Passage of Golubria,
                  | Static Discharge
     0 | D:1      | Reached XP level 1. HP: 13/13 MP: 4/4
    78 | D:1      | Reached XP level 2. HP: 9/19 MP: 5/5
   303 | D:2      | Found a hide-covered altar of Uskayaw.
   392 | D:3      | Reached XP level 3. HP: 25/25 MP: 7/7
   396 | D:3      | Learned a level 2 spell: Shroud of Golubria
   399 | D:3      | Learned a level 2 spell: Blink
   405 | D:4      | Noticed a scorpion
   581 | D:3      | Found a white marble altar of Elyvilon.
   732 | D:2      | Found a stormy altar of Qazlal.
  1018 | D:4      | Killed a scorpion
  1018 | D:4      | Reached skill level 1 in Fighting
  1018 | D:4      | Reached skill level 1 in Short Blades
  1018 | D:4      | Reached skill level 1 in Long Blades
  1018 | D:4      | Reached skill level 1 in Maces & Flails
  1018 | D:4      | Reached skill level 1 in Polearms
  1018 | D:4      | Reached skill level 1 in Staves
  1018 | D:4      | Reached skill level 1 in Slings
  1018 | D:4      | Reached skill level 1 in Bows
  1018 | D:4      | Reached skill level 1 in Crossbows
  1018 | D:4      | Reached skill level 1 in Dodging
  1018 | D:4      | Reached skill level 1 in Shields
  1018 | D:4      | Reached skill level 1 in Unarmed Combat
  1018 | D:4      | Reached skill level 3 in Spellcasting
  1018 | D:4      | Reached skill level 1 in Invocations
  1018 | D:4      | Reached skill level 1 in Evocations
  1018 | D:4      | Reached XP level 4. HP: 32/32 MP: 8/8
  1081 | D:4      | Reached skill level 1 in Conjurations
  1081 | D:4      | Reached skill level 1 in Hexes
  1081 | D:4      | Reached skill level 1 in Charms
  1081 | D:4      | Reached skill level 1 in Summonings
  1081 | D:4      | Reached skill level 1 in Necromancy
  1081 | D:4      | Reached skill level 1 in Transmutations
  1081 | D:4      | Reached skill level 1 in Fire Magic
  1081 | D:4      | Reached skill level 1 in Ice Magic
  1081 | D:4      | Reached skill level 1 in Air Magic
  1081 | D:4      | Reached skill level 1 in Earth Magic
  1081 | D:4      | Reached skill level 1 in Poison Magic
  1096 | D:4      | Noticed an ogre
  1133 | D:4      | Reached XP level 5. HP: 14/37 MP: 6/9
  1242 | D:4      | Reached skill level 3 in Throwing
  1242 | D:4      | Reached skill level 3 in Armour
  1392 | D:4      | Reached XP level 6. HP: 31/44 MP: 8/10
  1412 | D:4      | Reached skill level 3 in Stealth
  1412 | D:4      | Reached skill level 2 in Invocations
  1492 | D:4      | Reached skill level 5 in Axes
  1504 | D:4      | Reached skill level 2 in Fighting
  1504 | D:4      | Reached skill level 2 in Short Blades
  1504 | D:4      | Reached skill level 2 in Long Blades
  1504 | D:4      | Reached skill level 2 in Maces & Flails
  1504 | D:4      | Reached skill level 2 in Polearms
  1504 | D:4      | Reached skill level 2 in Staves
  1504 | D:4      | Reached skill level 2 in Slings
  1504 | D:4      | Reached skill level 2 in Bows
  1504 | D:4      | Reached skill level 2 in Crossbows
  1504 | D:4      | Reached skill level 2 in Dodging
  1504 | D:4      | Reached skill level 2 in Shields
  1504 | D:4      | Reached skill level 2 in Unarmed Combat
  1504 | D:4      | Reached skill level 2 in Evocations
  1619 | D:5      | Entered Level 5 of the Dungeon
  1624 | D:5      | Found a basalt altar of Yredelemnul.
  1643 | D:5      | You fall through a shaft for 3 floors!
  1716 | D:8      | Quit the game

Vault maps used:
D:1:      shiori_arrival_maze
D:2:      vehumet_crystals, lemuel_round_altar, nicolae_overflow_crystal_walls,
          serial_bayou_pond_d, nemelex_spade_bored_becter
D:3:      kennysheep_ying_yang
D:4:      minmay_recursive_quarters, minmay_crystal_water
D:5:      overflow_temple_1_default, kiku_gazebo_pond_becter,
          minmay_temple_entry_nine_rooms, first_ration, basic_altar,
          cheibrodos_sewer_entry_bend, uniq_sigmund
D:8:      kennysheep_mini, marbit_many_paths, grunt_ogre_cave
D:9:      minmay_orc_entry_guard_dogs, minmay_quadrilaterals

Skill      XL: |  1  2  3  4  5  6 |
---------------+-------------------+-----
Fighting       | 1 2 |  2.0
Short Blades   | 1 2 |  2.0
Long Blades    | 1 2 |  2.0
Maces & Flails | 1 2 |  2.0
Polearms       | 1 2 |  2.0
Staves         | 1 2 |  2.0
Slings         | 1 2 |  2.0
Bows           | 1 2 |  2.0
Crossbows      | 1 2 |  2.0
Dodging        | 1 2 |  2.0
Shields        | 1 2 |  2.0
Unarmed Combat | 1 2 |  2.0
Spellcasting   | 3 |  3.4
Invocations    | 1 2 |  2.2
Evocations     | 1 2 |  2.0
Conjurations   | 1 |  1.6
Hexes          | 1 |  1.6
Charms         | 1 |  1.6
Summonings     | 1 |  1.6
Necromancy     | 1 |  1.6
Transmutations | 1 |  1.6
Fire Magic     | 1 |  1.6
Ice Magic      | 1 |  1.6
Air Magic      | 1 |  1.6
Earth Magic    | 1 |  1.6
Poison Magic   | 1 |  1.6
Throwing       | 3 |  3.3
Armour         | 3 |  3.3
Stealth        | 3 |  3.1
Axes           | 5 |  5.0
Translocations | |  7.3

Action                   |  1- 3 |  4- 6 || total
-------------------------+-------+-------++-------
Melee: Club              |    24 |       ||    24
       Bite              |     4 |    14 ||    18
       Dagger            |    46 |   113 ||   159
       Unarmed           |     2 |    12 ||    14
       Punch             |       |     1 ||     1
 Fire: Hunting sling     |       |     8 ||     8
Throw: Tomahawk          |       |    19 ||    19
 Cast: Shroud of Golubri |       |    10 ||    10
  Use: Scroll            |     1 |     8 ||     9
       Potion            |     1 |     2 ||     3
 Stab: Sleeping          |     6 |     1 ||     7
  Eat: Ration            |     1 |     2 ||     3
Armor: Robe              |    20 |    15 ||    35
       Skin              |     1 |    20 ||    21
Dodge: Dodged            |    41 |    60 ||   101

Table legend:
 A = Non-vault XP
 B = Vault XP
 C = Vault XP percentage of total XP
 D = Non-vault monster count
 E = Vault monster count
 F = Vault count percentage of total count
                 A         B        C        D         E       F
            +---------+---------+-------+---------+---------+-------
      Total |     397 |     120 |  23.2 |      43 |       5 |  10.4
            +---------+---------+-------+---------+---------+-------
        D:1 |      16 |       0 |   0.0 |      11 |       0 |   0.0
        D:2 |      24 |       0 |   0.0 |       8 |       0 |   0.0
        D:3 |      10 |       0 |   0.0 |       5 |       0 |   0.0
        D:4 |     310 |     120 |  27.9 |      17 |       5 |  22.7
        D:8 |      37 |       0 |   0.0 |       2 |       0 |   0.0
            +---------+---------+-------+---------+---------+-------

Table legend:
 A = Turns spent in this place as a percentage of turns spent in the entire game.
 B = Non-inter-level travel turns spent in this place as a percentage of non-inter-level travel turns spent in the entire game.
 C = Inter-level travel turns spent in this place as a percentage of turns spent in this place.
 D = Turns resting spent in this place as a percentage of non-inter-level travel turns spent in this place.
 E = Turns spent auto-exploring this place as a percentage of non-inter-level travel turns spent in this place.
 F = Non-inter-level travel turns spent in this place divided by the number of levels of this place that you've seen.
                   A       B       C       D       E      F
               +-------+-------+-------+-------+-------+----------------------
         Total | 100.0 | 100.0 |   3.5 |   0.0 |   0.0 | 236.6
       Dungeon | 100.0 | 100.0 |   3.5 |   0.0 |   0.0 | 236.6
               +-------+-------+-------+-------+-------+----------------------

Table legend:
 A = Kills in this place as a percentage of kills in entire the game.
 B = Kills by you in this place as a percentage of kills by you in the entire game.
 C = Kills by friends in this place as a percentage of kills by friends in the entire game.
 D = Other kills in this place as a percentage of other kills in the entire game.
 E = Experience gained in this place as a percentage of experience gained in the entire game.
 F = Experience gained in this place divided by the number of levels of this place that you have seen.
                   A       B       C       D       E      F
               +-------+-------+-------+-------+-------+----------------------
         Total | 100.0 | 100.0 |   N/A |   N/A | 100.0 |  73.9
       Dungeon | 100.0 | 100.0 |   N/A |   N/A | 100.0 |  73.9
               +-------+-------+-------+-------+-------+----------------------

Vault maps used:
D:1:      shiori_arrival_maze
D:2:      vehumet_crystals, lemuel_round_altar, nicolae_overflow_crystal_walls,
          serial_bayou_pond_d, nemelex_spade_bored_becter
D:3:      kennysheep_ying_yang
D:4:      minmay_recursive_quarters, minmay_crystal_water
D:5:      overflow_temple_1_default, kiku_gazebo_pond_becter,
          minmay_temple_entry_nine_rooms, first_ration, basic_altar,
          cheibrodos_sewer_entry_bend, uniq_sigmund
D:8:      kennysheep_mini, marbit_many_paths, grunt_ogre_cave
D:9:      minmay_orc_entry_guard_dogs, minmay_quadrilaterals
